AoeStats
← Jim_Raynor

Nomad

511850101Analyzed
3v3 RM · 9d ago on Oct 6, 2026· 39m 37s· 6 players
Game mode
Random Map
Map size
210×210
Population
200
Speed
Normal
Resources
Standard
Victory
Conquest
Starting age
Dark Age
Ending age
Imperial Age
RankedLock teamsTeams togetherTeam positionsShared explorationLock speedFull tech treeHidden civsTurbo modeCheats
Victory
Defeat
🇦🇷 Vietnamese · Argentina
1239
+12
🇻🇪 Vikings · Venezuela
1202
+13
🇦🇷 Turks · Argentina
1177
+14
vs
🇩🇪 Sicilians · Germany
1154
-14
🇨🇴 Malay · Colombia
1149
-13
🇲🇽 Japanese · Mexico
1126
-12
83T01SRA3L
4:17 Loom
14:07 Feudal Age
18:57 Castle Age
17:23 Fletching
19:30 Bodkin Arrow
19:51 Double-Bit Axe
20:32 Town Watch
37:08 Yasama
38:58 Stone Mining
TeaTime
10:12 Loom
13:05 Feudal Age
14:33 Double-Bit Axe
15:18 Gold Mining
17:54 Horse Collar
21:46 Stone Mining
24:25 Castle Age
22:52 Forging
23:35 Scale Mail Armor
24:53 Wheelbarrow
25:54 Iron Casting
25:42 Heavy Plow
25:58 Bow Saw
27:55 Stone Shaft Mining
29:07 Squires
30:24 Gold Shaft Mining
30:29 Chain Mail Armor
36:50 Imperial Age
35:04 Arson
Rogfin
5:09 Loom
13:25 Feudal Age
13:15 Double-Bit Axe
14:45 Wheelbarrow
14:15 Fishing Lines
15:10 Gold Mining
22:31 Castle Age
22:26 Medium Warships
22:07 Gillnets
22:14 Gillnets
23:45 Careening
24:12 Bow Saw
24:45 Horse Collar
27:21 Siphons
27:20 Heavy Plow
37:24 Murder Holes
37:43 Clinker Construction
Jim_Raynor
3:43 Loom
13:37 Feudal Age
14:52 Fletching
15:31 Town Watch
18:20 Double-Bit Axe
23:46 Wheelbarrow
22:57 Horse Collar
27:55 Castle Age
27:17 Stone Mining
33:40 Bodkin Arrow
darienvasquez95
11:31 Loom
13:50 Feudal Age
14:54 Double-Bit Axe
20:10 Castle Age
27:42 Forging
28:24 Bow Saw
34:25 Iron Casting
33:50 Scale Mail Armor
Camilo100
6:49 Loom
13:09 Feudal Age
19:39 Fletching
22:43 Castle Age
24:59 Medium Warships
24:59 Crossbowman
30:13 Bodkin Arrow
35:09 Double-Bit Axe
36:30 Bow Saw
40:47 Imperial Age
39:28 Ballistics
Connection lost

Rejoining the realm…

Still unreachable

The connection could not be restored.

Session expired

The server has moved on; the page needs a fresh start.